 Dungeon Crawl Stone Soup version 0.29-a0-322-g68df515428 (webtiles) character file.

Game seed: 3067299947295736251

17 GigaChad the Insei (level 2, 0/22 HPs)
             Began as a Djinni Transmuter on Apr 7, 2022.
             Slain by a ball python (2 damage)
             ... on level 1 of the Dungeon.
             The game lasted 00:03:23 (962 turns).

GigaChad the Insei (Djinni Transmuter)               Turns: 962, Time: 00:03:24

Health: 0/22       AC:  2    Str:  9    XL:     2   Next: 80%
Gold:   34         EV:  9    Int: 14    God:
                   SH:  0    Dex: 13

rFire   + + .      SeeInvis .   i - staff of conjuration
rCold   x . .      Faith    .   (no shield)
rNeg    . . .      Spirit   .   a - +0 robe
rPois   ∞          Reflect  .   (no helmet)
rElec   .          Harm     .   (no cloak)
rCorr   .          Rampage  .   (no gloves)
Will    .....                   (boots unavailable)
Stlth   +.........              (no amulet)
HPRegen 0.07/turn               (no ring)
MPRegen 0.00/turn               (no ring)

@: flying, constricted
A: sickness immunity, fire resistance 2, cold vulnerability 1, float, innate
caster, HP casting, extra vitality 1
a: no special abilities


You were on level 1 of the Dungeon.
You visited 1 branch of the dungeon, and saw 1 of its levels.

You collected 34 gold pieces.

Inventory:

Hand Weapons
 e - a +1 short sword
Armour
 a - a +0 robe (worn)
Magical Staves
 i - a staff of conjuration (weapon)
Potions
 b - a potion of lignification
 d - 2 potions of curing
 f - a potion of heal wounds {unknown}


   Skills:
 + Level 1.1 Fighting
 + Level 0.2 Short Blades
 + Level 2.4 Dodging
 + Level 0.1 Stealth
 + Level 3.4 Unarmed Combat
 + Level 1.7 Spellcasting


You couldn't memorise any spells.
You knew the following spells:

 Your Spells              Type           Power      Damage    Failure   Level
a - Beastly Appendage     Tmut           12%        N/A       12%         1
b - Wereblood             Tmut           6%         N/A       19%         2
c - Spider Form           Tmut/Pois      6%         N/A       34%         3
d - Ice Form              Ice/Tmut       6%         N/A       75%         4
Your spell library was empty.

Dungeon Overview and Level Annotations

Branches:
Dungeon (1/15)

Altars:


Innate Abilities, Weirdness & Mutations

You are immune to sickness and miasma.
You are immune to poison.
Your flesh is very heat resistant. (rF++)
You are vulnerable to cold. (rC-)
You float through the air rather than walking.
You learn spells naturally, not from books.
Your magical power is your life essence.
You have superior vitality. (+4 MHP)


Message History

A hobgoblin comes into view.
The hobgoblin shouts!
A giant cockroach comes into view.
The bat barely misses you.
The hobgoblin hits you but does no damage.
A quokka comes into view.
The hobgoblin hits you.
A ball python comes into view.
The bat misses you. The hobgoblin closely misses you.
The ball python hisses angrily.
The bat hits you but does no damage. The bat closely misses you.
The hobgoblin misses you. The ball python bites you.
The ball python completely misses you.
You closely miss the ball python. The bat barely misses you.
The giant cockroach misses you. The ball python barely misses you.
The ball python grabs you. The ball python constricts you.
The hobgoblin hits you. The hobgoblin barely misses you.
The giant cockroach closely misses you.
You closely miss the ball python. The bat barely misses you.
The ball python barely misses you. The ball python constricts you.
The hobgoblin misses you. The hobgoblin hits you.
The giant cockroach bites you but does no damage.
The ball python bites you. The ball python constricts you.
The hobgoblin closely misses you. The hobgoblin barely misses you.
You hit the ball python.
The ball python is moderately wounded.
The giant cockroach barely misses you. The ball python closely misses you.
The ball python constricts you. The bat hits you.
The giant cockroach barely misses you.
The hobgoblin hits you but does no damage.
The hobgoblin hits you.
You hit the ball python.
The ball python is severely wounded.
The bat hits you but does no damage. The ball python completely misses you.
The ball python constricts you. The giant cockroach bites you.
* * * LOW HITPOINT WARNING * * *
The hobgoblin barely misses you. The hobgoblin hits you.
* * * LOW HITPOINT WARNING * * *
The ball python bites you.
You die...

### #.........
.......
#.........
.......
#.........
.......
#.........
.......
##.........
.......
.###########
....... ..#
#######
......B###...#
.......
.......@S....+
.......
......gg##...#
.......##
......b.# .#
.......#.
........#
.......#.
#####'#.#
.......'.
#.#.#
.......#.
#.#.#
.....(.#.
..#.#
######### #
#.# #.....


You could see a giant cockroach, 2 hobgoblins, a bat and a ball python.

Vanquished Creatures
  An endoplasm (D:1)
  A hobgoblin (D:1)
  5 jackals (D:1)
  A quokka (D:1)
  2 ball pythons (D:1)
  5 kobolds (D:1)
  2 rats (D:1)
17 creatures vanquished.

Notes
Turn   | Place    | Note
-------+----------+-------------------------------------------
     0 | D:1      | GigaChad the Djinni Transmuter began the quest for the Orb.
     0 | D:1      | Reached XP level 1. HP: 17/17 MP: 0/0
   233 | D:1      | Reached XP level 2. HP: 8/22 MP: 0/0
   962 | D:1      | Slain by a ball python

Illustrated notes

Levels and vault maps discovered:
D:1:      ncdulo_lavacross, layout_basic

Action                   || total
-------------------------++-------
Melee: Unarmed           ||    63
       Short sword       ||     9
       Staff             ||     4
       Punch             ||     1
 Cast: Wereblood         ||     1
  Use: Scroll            ||     3
 Stab: Sleeping          ||     1
Armor: Robe              ||    10
Dodge: Dodged            ||    78

Table legend: (Time is in decaauts)
 A = Elapsed time spent in this place.
 B = Non-inter-level travel time spent in this place.
 C = Inter-level travel time spent in this place.
 D = Time resting spent in this place.
 E = Time spent auto-exploring this place.
 F = Levels seen in this place.
 G = Mean time per level.
                   A        B        C        D        E       F      G
               +--------+--------+--------+--------+--------+-----+--------+
         Total |    958 |    958 |      0 |      0 |    542 |   1 |  958.0 |
       Dungeon |    958 |    958 |      0 |      0 |    542 |   1 |  958.0 |
               +--------+--------+--------+--------+--------+-----+--------+

Top non-repeatable levels by time:
     D:1: 958 daAuts
